 Dungeon Crawl Stone Soup version 0.31-a0-37-g98a128e1d9 (webtiles) character file.

Game seed: 12750981826333780808

256 billz999 the Digger (level 6, -2/36 HPs)
             Began as an Octopode Earth Elementalist on May 14, 2023.
             Killed from afar by a steam dragon (15 damage)
             ... with a ball of steam
             ... on level 4 of the Dungeon.
             The game lasted 00:08:51 (3865 turns).

billz999 the Digger (Octopode Earth Elementalist)   Turns: 3865, Time: 00:08:51

Health: -2/36      AC:  1    Str:  7    XL:     6   Next: 16%
Magic:  6/10       EV: 13    Int: 19    God:
Gold:   123        SH:  5    Dex: 13    Spells: 7/11 levels left

rFire   . . .        f - staff of cold
rCold   + . .        (no shield)
rNeg    . . .        (helmet restricted)
rPois   .            g - amulet of reflection
rElec   .            (no ring)
rCorr   .            (no ring)
SInv    .            (no ring)
Will    .....        (no ring)
Stlth   +++          (no ring)
HPRegen 0.26/turn    (no ring)
MPRegen 0.12/turn    (no ring)
                     (no ring)

%: reflection
@: no status effects
A: almost no armour, amphibious, 8 rings, camouflage 1, gelatinous body 1,
(nimble swimmer 1), tentacles
a: no special abilities


You were on level 4 of the Dungeon.
You visited 1 branch of the dungeon, and saw 4 of its levels.

You collected 123 gold pieces.

Inventory:

Hand Weapons
 h - a +3 flail
Magical Staves
 f - a staff of cold (weapon)
Jewellery
 g - an amulet of reflection (around mantle)
 l - a ring of ice
 q - an amulet of faith
Scrolls
 b - a scroll of identify
 i - a scroll of brand weapon {unknown}
 j - a scroll of immolation {unknown}
 k - a scroll of enchant armour {unknown}
 m - 3 scrolls of vulnerability {unknown}
 n - a scroll of teleportation {unknown}
 o - a scroll of enchant weapon {unknown}
 p - a scroll of acquirement {unknown}
Potions
 a - a potion of magic
 c - a potion of curing
 d - a potion of attraction
 e - a potion of heal wounds


   Skills:
 - Level 2.1 Dodging
 - Level 2.9 Stealth
 - Level 3.1 Spellcasting
 + Level 3.0 Conjurations
 - Level 2.8 Transmutations
 - Level 4.0 Earth Magic


You had 7 spell levels left.
You knew the following spells:

 Your Spells              Type           Power      Damage    Failure   Level
a - Sandblast             Erth           36%        2d10      2%          1
b - Stone Arrow           Conj/Erth      32%        3d9       11%         3

Your spell library contained the following spells:

 Spells                   Type           Power      Damage    Failure   Level
 Passwall                 Tmut/Erth      13%        N/A       5%          2
 Petrify                  Tmut/Erth      16%        N/A       34%         4


Dungeon Overview and Level Annotations

Branches:
Dungeon (4/15)
 Temple: D:4-7

Altars:
Elyvilon
Wu Jian

Shops:
D:1 *


Innate Abilities, Weirdness & Mutations

You cannot wear most types of armour.
You are amphibious.
You can wear up to eight rings at the same time.
Your skin changes colour to match your surroundings (Stealth+).
Your rubbery body absorbs attacks. (AC +1, EV +1)
((You are camouflaged when in or above water. (Stealth+)))
You have tentacles for arms and can constrict up to eight enemies at once.


Message History

You kill the ball python!
Unknown command.
A jelly comes into view.
You hear the rapid hiss of a very distant avalanche of sand.
Casting: Sandblast (safe; 2% risk of failure)
Confirm with . or Enter, or press ? or * to list all spells.
Aiming: Sandblast (safe; 2% risk of failure)
Press: ? - help, Shift-Dir - straight line, f - jelly, p - iguana
Aim: a jelly (100% to hit)
The blast of sand hits the jelly!
The jelly is heavily wounded.
You block the iguana's attack. The jelly completely misses you.
The iguana misses you.
Casting: Sandblast (safe; 2% risk of failure)
Confirm with . or Enter, or press ? or * to list all spells.
Aiming: Sandblast (safe; 2% risk of failure)
Press: ? - help, Shift-Dir - straight line, f/p - jelly
Aim: a jelly (heavily wounded, 100% to hit)
The blast of sand hits the jelly!
You kill the jelly!
You block the iguana's attack.
Your Conjurations skill increases to level 3!
The iguana attacks as you move away! The iguana misses you.
The steam dragon breathes steam at you. The ball of steam hits you!
An orc comes into view. It is wielding a +0 falchion.
The orc shouts!
You hear a shout! x2
Casting: Sandblast (safe; 2% risk of failure)
Confirm with . or Enter, or press ? or * to list all spells.
Aiming: Sandblast (safe; 2% risk of failure)
Press: ? - help, Shift-Dir - straight line, f - iguana
Aim: an iguana (steam, heavily wounded, 84% to hit)
The blast of sand hits the iguana.
The iguana is almost dead.
The iguana is engulfed in a cloud of scalding steam.
The iguana dies!
The orc hits you with a +0 falchion. The steam dragon breathes steam at you.
The ball of steam hits you!
You die...

..### ## #.......... ..# #...
.(.... ..### ###.## #.##.# #...#
#....# #.##.# ###.###
###.#..###.##.# #...#
#..........##.# ..
##..###.###..###.##.# ..#
#......###D.##o#.#.## #..#
#.###.###..§#@###...## #..#
####.###......D§## ##.#.#####..#
...............#§###.###.......#
.###.##..........§#.#.#.##....##
#.##.####.#####.##.........#
#....# #... .......###....###
###### ##########...........)
#############


You could see a steam dragon (catching breath) and an orc.

Vanquished Creatures
  A howler monkey (D:3)
  A jelly (D:4)
  An orc priest (D:4)
  An orc wizard (D:3)
  4 gnolls (D:2)
  2 adders
  A worm (D:2)
  2 dart slugs
  5 orcs
  12 ball pythons
  3 bats
  7 endoplasms
  3 goblins
  4 hobgoblins
  3 jackals
  4 kobolds
  3 quokkas
  5 frilled lizards
  4 rats
66 creatures vanquished.

Vanquished Creatures (others)
  An iguana (D:4)
1 creature vanquished.

Grand Total: 67 creatures vanquished

Notes
Turn   | Place    | Note
-------+----------+-------------------------------------------
     0 | D:1      | billz999 the Octopode Earth Elementalist began the quest
                  | for the Orb.
     0 | D:1      | Reached XP level 1. HP: 11/11 MP: 3/3
   282 | D:1      | Found Ebilimme's General Store.
   284 | D:1      | Reached XP level 2. HP: 17/17 MP: 3/5
  1006 | D:2      | Reached XP level 3. HP: 21/21 MP: 4/6
  1133 | D:2      | Reached XP level 4. HP: 25/27 MP: 1/8
  1201 | D:2      | Found a faded altar of an unknown god.
  1201 | D:2      | Noticed a rust devil
  1239 | D:2      | Found a white marble altar of Elyvilon.
  1955 | D:2      | You fall into a shaft and drop 1 floor!
  1973 | D:3      | Reached XP level 5. HP: 25/31 MP: 5/9
  1989 | D:3      | Reached skill level 4 in Earth Magic
  2761 | D:3      | Found an ornate altar of the Wu Jian Council.
  3166 | D:2      | Learned a level 3 spell: Stone Arrow
  3665 | D:3      | Reached skill level 1 in Conjurations
  3792 | D:4      | Reached XP level 6. HP: 36/36 MP: 8/10
  3834 | D:4      | Noticed a steam dragon
  3865 | D:4      | Killed from afar by a steam dragon

Illustrated notes

Levels and vault maps discovered:
D:1:      mrwooster_arrival_statue_2, layout_loops_ring, serial_shops, shop
D:2:      layout_basic, dreamdust_ecumenical_altar_sealed_demon, basic_altar,
          kennysheep_big_empty_room
D:3:      layout_loops_ring, nicolae_wu_jian_glorious_leap,
          nicolae_underground_beach
D:4:      layout_loops_ring, nicolae_ossuary_entry_monument, minmay_quantized

Skill      XL: |  1  2  3  4  5  6 |
---------------+-------------------+-----
Transmutations | 2 |  2.8
Spellcasting   | 3 |  3.1
Earth Magic    | 4 |  4.0
Conjurations   | 2 3 |  3.0
Dodging        | |  2.1
Stealth        | |  2.9

Action                     |  1- 3 |  4- 6 || total
---------------------------+-------+-------++-------
  Melee: Staff             |       |     4 ||     4
         Constrict         |       |     1 ||     1
         Tentacles         |       |     1 ||     1
   Cast: Sandblast         |    37 |    65 ||   102
    Use: Scroll            |       |     3 ||     3
         Potion            |       |     1 ||     1
 Armour: Skin              |       |     1 ||     1
  Dodge: Dodged            |    11 |    30 ||    41
  Block: Other             |       |    10 ||    10

Table legend: (Time is in decaauts)
 A = Elapsed time spent in this place.
 B = Non-inter-level travel time spent in this place.
 C = Inter-level travel time spent in this place.
 D = Time resting spent in this place.
 E = Time spent auto-exploring this place.
 F = Levels seen in this place.
 G = Mean time per level.
                   A        B        C        D        E       F      G
               +--------+--------+--------+--------+--------+-----+--------+
         Total |   3920 |   3609 |    311 |    823 |   2207 |   4 |  980.0 |
       Dungeon |   3920 |   3609 |    311 |    823 |   2207 |   4 |  980.0 |
               +--------+--------+--------+--------+--------+-----+--------+

Top non-repeatable levels by time:
     D:3: 1451 daAuts
     D:2: 1431 daAuts
     D:1: 853 daAuts
     D:4: 184 daAuts
